 Seeded DCSS version 0.28-a0-1567-g1695149f81 (webtiles) character file.

Game seed: 1043346750170890331 (custom seed)

170 riojii the Sneak (level 5, -3/35 HPs)
             Began as a Vampire Enchanter on Jan 19, 2022.
             Slain by a two-headed ogre (12 damage)
             ... on level 4 of the Dungeon.
             The game lasted 00:06:09 (2985 turns).

riojii the Sneak (Vampire Enchanter)                Turns: 2985, Time: 00:06:10

Health: -3/35      AC:  4    Str:  7    XL:     5   Next: 25%
Magic:  2/8        EV: 12    Int: 17    God:
Gold:   137        SH:  0    Dex: 17    Spells: 4/9 levels left

rFire   . . .      SeeInvis +   h - +11 dagger of Saock {vamp, rC+}
rCold   + . .      Faith    .   (no shield)
rNeg    . . .      Spirit   .   g - +0 leather armour
rPois   .          Reflect  .   (no helmet)
rElec   .          Harm     .   i - +0 cloak
rCorr   .          Rampage  .   (no gloves)
Will    .....                   (no boots)
Stlth   +++.......              (no amulet)
HPRegen 0.31/turn               (no ring)
MPRegen 0.11/turn               (no ring)

@: very slightly contaminated, healing quickly
A: alive, fangs 3, see invisible, vampiric 2
a: Exsanguinate


You were on level 4 of the Dungeon.
You visited 1 branch of the dungeon, and saw 4 of its levels.

You collected 137 gold pieces.

Inventory:

Hand Weapons
 h - the +11 dagger of Saock (weapon) {vamp, rC+}
   (You took it off a goblin on level 2 of the Dungeon)

   It occasionally heals its wielder for a portion of the damage dealt when it
   wounds a living foe.
   rC:        It protects you from cold.
Armour
 g - a +0 leather armour (worn)
 i - a +0 cloak (worn)
 j - +0 fire dragon scales
Scrolls
 a - a scroll of enchant weapon {unknown}
 b - a scroll of amnesia {unknown}
 d - a scroll of teleportation {unknown}
 e - 3 scrolls of identify {unknown}
 f - a scroll of fog {unknown}
 n - a scroll of summoning {unknown}
 o - a scroll of magic mapping {unknown}
 p - a scroll of vulnerability {unknown}
Potions
 c - 2 potions of invisibility
 k - 2 potions of attraction {unknown}
 l - a potion of mutation {unknown}
 m - a potion of resistance {unknown}
 q - a potion of heal wounds {unknown}


   Skills:
 + Level 2.3 Short Blades
 + Level 3.2 Dodging
 * Level 6.1 Stealth
 + Level 2.5 Spellcasting
 * Level 5.9 Hexes


You had 4 spell levels left.
You knew the following spells:

 Your Spells              Type           Power      Damage    Failure   Level
a - Ensorcelled Hibernat  Hex/Ice        24%        N/A       12%         2
b - Confusing Touch       Hex            22%        N/A       8%          3

Your spell library contained the following spells:

 Spells                   Type           Power      Damage    Failure   Level
 Tukima's Dance           Hex            22%        N/A       8%          3
 Dazzling Flash           Conj/Hex       24%        N/A       24%         3
 Animate Skeleton         Necr           4%         N/A       28%         1
 Pain                     Necr           8%         1d4       28%         1
 Sting                    Tmut/Pois      8%         1d3       28%         1
 Poisonous Vapours        Pois/Air       4%         N/A       38%         2
 Vampiric Draining        Necr           2%         2d6       63%         3
 Olgreb's Toxic Radiance  Pois           2%         N/A       95%         4


Dungeon Overview and Level Annotations

Branches:
Dungeon (4/15)
 Temple: D:4-7

Altars:

Shops:
D:2 !


Innate Abilities, Weirdness & Mutations

Your natural rate of healing is accelerated.
You have razor-sharp teeth.
You have supernaturally acute eyesight. (SInv)
You are afflicted with vampirism and can become a bat while bloodless.


Message History

Found a ring mail.
A centaur and a goblin come into view.
The centaur wields a +0 shortbow.
The centaur shoots an arrow.
The arrow hits you.
The centaur shoots an arrow.
The arrow closely misses you.
The goblin shouts!
Casting: Ensorcelled Hibernation (safe; 12% risk of failure)
Confirm with . or Enter, or press ? or * to list all spells.
Aiming: Ensorcelled Hibernation (safe; 12% risk of failure)
Press: ? - help, Shift-Dir - straight line, f/p - two-headed ogre
Aim: a two-headed ogre, wielding a +0 giant club and a +0 giant spiked club (severely wounded, chance to affect: 28%)
The two-headed ogre easily resists.
Found 17 stones.
Casting: Ensorcelled Hibernation (safe; 12% risk of failure)
Confirm with . or Enter, or press ? or * to list all spells.
Aiming: Ensorcelled Hibernation (safe; 12% risk of failure)
Press: ? - help, Shift-Dir - straight line, f/p - two-headed ogre
Aim: a two-headed ogre, wielding a +0 giant club and a +0 giant spiked club (heavily wounded, chance to affect: 28%)
You miscast Ensorcelled Hibernation.
You are very lightly contaminated with residual magic.
Nothing appears to happen.
The two-headed ogre barely misses you.
The two-headed ogre hits you with a +0 giant spiked club!
Casting: Ensorcelled Hibernation (safe; 12% risk of failure)
Confirm with . or Enter, or press ? or * to list all spells.
Aiming: Ensorcelled Hibernation (safe; 12% risk of failure)
Press: ? - help, Shift-Dir - straight line, f/p - two-headed ogre
Aim: a two-headed ogre, wielding a +0 giant club and a +0 giant spiked club (heavily wounded, chance to affect: 28%)
The two-headed ogre easily resists.
The two-headed ogre hits you with a +0 giant club!!
Ouch! That really hurt!
* * * LOW HITPOINT WARNING * * *
The two-headed ogre closely misses you.
Casting: Ensorcelled Hibernation (safe; 12% risk of failure)
Confirm with . or Enter, or press ? or * to list all spells.
Aiming: Ensorcelled Hibernation (safe; 12% risk of failure)
Press: ? - help, Shift-Dir - straight line, f/p - two-headed ogre
Aim: a two-headed ogre, wielding a +0 giant club and a +0 giant spiked club (heavily wounded, chance to affect: 28%)
The two-headed ogre easily resists.
The two-headed ogre misses you.
The two-headed ogre hits you with a +0 giant spiked club!
You die...

#.. #...(## #.# #.###
#.....# #g# #.#.## #...#.#
#.# #..#.## #..##.# #c#
#.###O# #..# .# #.#######
#..#.####.#..# .. #.[...cg.
#.###.#.O.#..# #........
#..#.#O# ##O.# #........ #
#.###### #@..# #.#######
#######.############# #.#
'.................$.## #.#
###################.#.. #.#
..................#.#...#.#
......###########.#.#...#.#
.##...# .......<#.#...#.#
.##...# ........#.#...#.#
.##...# #.....(.#.#.....#


You could see a two-headed ogre.

Vanquished Creatures
  4 gnolls (D:2)
  2 adders (D:2)
  3 worms (D:2)
  4 dart slugs
  4 orcs (D:3)
  8 ball pythons
  4 bats
  12 endoplasms
  5 giant cockroaches
  8 goblins
  11 hobgoblins
  5 kobolds
  2 quokkas
  4 frilled lizards
  8 rats
84 creatures vanquished.

Notes
Turn   | Place    | Note
-------+----------+-------------------------------------------
     0 | D:1      | riojii the Vampire Enchanter began the quest for the Orb.
     0 | D:1      | Reached XP level 1. HP: 13/13 MP: 3/3
   228 | D:1      | Reached XP level 2. HP: 13/19 MP: 5/5
   467 | D:1      | Reached skill level 5 in Hexes
   478 | D:1      | Reached skill level 5 in Stealth
   544 | D:1      | Gained mutation: You are afflicted with vampirism and can
                  | become a bat while bloodless. [Vampire growth]
   544 | D:1      | Reached XP level 3. HP: 24/24 MP: 6/6
   708 | D:1      | Found a faded altar of an unknown god.
   979 | D:2      | Learned a level 2 spell: Ensorcelled Hibernation
   983 | D:2      | Learned a level 3 spell: Confusing Touch
  1214 | D:2      | Identified the +11 dagger of Saock {vamp, rC+}
  1301 | D:2      | Reached XP level 4. HP: 30/30 MP: 7/7
  1575 | D:2      | Reached skill level 6 in Stealth
  1749 | D:2      | Reached XP level 5. HP: 35/35 MP: 8/8
  1850 | D:2      | Found Deruim's Distillery.
  2888 | D:4      | Noticed a two-headed ogre
  2954 | D:4      | Noticed a centaur
  2985 | D:4      | Slain by a two-headed ogre

Illustrated notes

Levels and vault maps discovered:
D:1:      ncdulo_watergridlock, layout_basic,
          hellmonk_ecumenical_altar_prayer_group
D:2:      minmay_diamond_boxcup, layout_basic, serial_shops,
          nicolae_shop_temple_entry_statues_fountains, minmay_joined_circles
D:3:      layout_basic
D:4:      layout_basic, overflow_temple_1_default, minmay_small_thing,
          uniq_eustachio

Skill      XL: |  1  2  3  4 |
---------------+-------------+-----
Hexes          | 5 |  5.9
Stealth        | 5 6 |  6.1
Short Blades   | 2 |  2.3
Dodging        | 3 |  3.2
Spellcasting   | |  2.5

Action                   |  1- 3 |  4- 6 || total
-------------------------+-------+-------++-------
Melee: Dagger            |   123 |    81 ||   204
       Bite              |    15 |     2 ||    17
       Punch             |     2 |       ||     2
 Cast: Ensorcelled Hiber |       |     7 ||     7
 Stab: Sleeping          |    18 |    13 ||    31
Armor: Robe              |    11 |       ||    11
       Leather armour    |       |     7 ||     7
Dodge: Dodged            |    57 |    36 ||    93

Table legend: (Time is in decaauts)
 A = Elapsed time spent in this place.
 B = Non-inter-level travel time spent in this place.
 C = Inter-level travel time spent in this place.
 D = Time resting spent in this place.
 E = Time spent auto-exploring this place.
 F = Levels seen in this place.
 G = Mean time per level.
                   A        B        C        D        E       F      G
               +--------+--------+--------+--------+--------+-----+--------+
         Total |   2967 |   2877 |     90 |    209 |   1905 |   4 |  741.8 |
       Dungeon |   2967 |   2877 |     90 |    209 |   1905 |   4 |  741.8 |
               +--------+--------+--------+--------+--------+-----+--------+

Top non-repeatable levels by time:
     D:2: 1268 daAuts
     D:3: 794 daAuts
     D:1: 759 daAuts
     D:4: 145 daAuts
